Cogmind - Beta 17 @@@ ROGUE MODE // 2026.08.11 @ 20:24:40 Player: Boatmurdered Result: Destroyed by PM-89W(R) with Subdweller Machine Gun Performance ------------- Evolutions (0) 0 Regions Visited (3) 600 Robots Destroyed (43) 215 Value Destroyed (830) 830 Prototype IDs (2) 40 Alien Tech Used (0) 0 Bonus (0) 0 TOTAL SCORE: 1685 Bonus ------- None Cogmind --------- Core Integrity 0/250 Matter 230/300 Energy 250/250 System Corruption 0% Temperature Cool (0) Movement Treading (240) Ox1 Location -10/Subcaves Parts ------- > --- POWER (1) -------- Ion Engine > --- PROPULSION (2) --- Light Treads Light Treads > --- UTILITY (2) ------ High-capacity Storage Unit > --- WEAPON (2) ------- Grenade Launcher Grenade Launcher > --- INVENTORY (20) --- Ion Engine Light Ion Engine Light Treads Light Treads Light Treads Subdweller Monowheel Large Storage Unit Improved Terrain Scanner Improved Terrain Scanner Terrain Scan Processor Seismic Detector Hacking Suite Subdweller Laser Assault Rifle Light Assault Rifle Light Assault Rifle Light Assault Rifle Battle Rifle Subdweller Machine Gun Grenade Launcher Peak State ------------ > --- POWER ------------ Ion Engine > --- PROPULSION ------- Light Treads Light Treads > --- UTILITY ---------- High-capacity Storage Unit Improved Terrain Scanner > --- WEAPON ----------- Light Assault Rifle Light Assault Rifle > --- INVENTORY -------- Ion Engine Light Ion Engine Light Treads Light Treads Large Storage Unit Improved Terrain Scanner Terrain Scan Processor Seismic Detector Light Armor Plating Hacking Suite Assault Rifle Grenade Launcher Grenade Launcher Grenade Launcher [Rating: 10] Favorites ----------- Power Ion Engine Engine Ion Engine Propulsion Light Treads Treads Light Treads Utility High-capacity Storage Unit Device Seismic Detector Storage High-capacity Storage Unit Protection Light Armor Plating Weapon Grenade Launcher Ballistic Gun Light Assault Rifle Launcher Grenade Launcher Build | -11 -10 -10 -10 ------- Run | Yrd Mat Min Sub Slots Evolved . | . . . . Power . | . . . . Propulsion . | . . . . Utility . | . . . . Weapon . | . . . . Parts Attached 27 | 7 11 5 4 Power 6 | 1 3 1 1 Engine 6 | 1 3 1 1 Core . | . . . . Reactor . | . . . . Propulsion 5 | 2 2 . 1 Treads 5 | 2 2 . 1 Leg . | . . . . Wheel . | . . . . Hover . | . . . . Flight . | . . . . Utility 6 | 2 3 1 . Device 2 | 1 . 1 . Storage 3 | 1 2 . . Processor . | . . . . Hackware . | . . . . Protection 1 | . 1 . . Artifact . | . . . . Weapon 10 | 2 3 3 2 Energy Gun . | . . . . Energy Cannon . | . . . . Ballistic Gun 7 | 2 3 1 1 Ballistic Cannon . | . . . . Launcher 3 | . . 2 1 Special Weapon . | . . . . Impact Weapon . | . . . . Slashing Weapon . | . . . . Piercing Weapon . | . . . . Special Melee Weapon . | . . . . Unidentified Prototypes . | . . . . Parts Lost 1 | . . . 1 Power . | . . . . Propulsion . | . . . . Utility 1 | . . . 1 Weapon . | . . . . Highest Loss Streak 1 | . . . 1 To Critical Strikes . | . . . . Average Backups 14 | 2 10 15 17 Power 1 | 1 1 2 2 Propulsion 2 | . 1 2 3 Utility 5 | . 4 6 6 Weapon 4 | . 2 4 5 Tool/Special . | . . . . Unused Backups 11 | . 3 . 8 Power 2 | . 1 . 1 Propulsion 2 | . 1 . 1 Utility 4 | . 1 . 3 Weapon 3 | . . . 3 Tool/Special . | . . . . Average Slot Usage (%) 99 | . 100 99 99 Engine 13 | . 14 13 14 Treads 28 | . 28 28 28 Device 9 | . 13 11 3 Storage 14 | . 14 14 14 Protection 4 | . . 2 9 Ballistic Gun 11 | . 28 8 . Launcher 16 | . . 19 27 Peak Build Rating 10 | 8 9 10 10 Average Rating 8 | 5 8 9 9 On Entrance 6 | . 8 9 9 Avg Prop Armor Cover (%) . | . . . . Naked Turns . | . . . . Heaviest Build 54 | 12 49 52 54 Greatest Support 40 | 40 40 40 40 Greatest Overweight (x) 1 | . 1 1 1 Average Overweight (x) . | . . 1 1 Largest Inventory Capacity 20 | 8 20 20 20 Average Capacity 17 | 7 13 20 20 Most Carried 20 | 6 15 17 20 Average Carried 14 | 2 10 15 17 Final Capacity 20 | 8 20 20 20 Final Carried 20 | 6 14 16 20 Class Distribution -------------------- 55% | Mutant 44% | Scavenger-Mutant Dominant Class ---------------- Mutant | -10/Materials Scavenger-Mutant | -10/Mines Mutant | -10/Subcaves Resources | -11 -10 -10 -10 ----------- Run | Yrd Mat Min Sub Matter Collected 1074 | 287 392 174 221 Remotely . | . . . . Salvage Created 1028 | 118 463 236 211 Parts 95 | 11 43 20 21 Haulers Intercepted 2 | . 2 . . Recyclers Shooed . | . . . . Parts Field Recycled . | . . . . Retrieved Matter . | . . . . Parts Self-Destructed 10 | . . . 10 Prevented . | . . . . Parts Restored . | . . . . Kills | -11 -10 -10 -10 ------- Run | Yrd Mat Min Sub Combat Hostiles Destroyed 29 | . 14 8 7 Guns 16 | . 12 3 1 AOE 13 | . 2 5 6 Classes Destroyed 11 | 2 7 . 2 Worker 1 | . 1 . . Builder 3 | . 1 2 . Tunneler 2 | 2 . . . Hauler 2 | . 2 . . Recycler 2 | 1 . 1 . Operator 2 | . 2 . . Watcher 2 | . 2 . . Swarmer 15 | . 9 6 . Grunt 9 | . 5 2 2 Sentry 1 | . . . 1 Subdweller 4 | . . . 4 Best Kill Streak 10 | 2 10 4 2 Combat Bots Only 8 | . 8 3 2 Max Kills in Single Turn 4 | 1 4 4 2 Gunslinging . | . . . . Exploded 3 | . 2 3 2 Melee . | . . . . Uniques/NPCs Destroyed . | . . . . Combat | -11 -10 -10 -10 -------- Run | Yrd Mat Min Sub Hostile Shots Fired 115 | . 63 34 18 Missed 25 | . 16 6 3 Hits 90 | . 47 28 15 Projectile 90 | . 47 28 15 Critical Strikes 2 | . . 1 1 Damage Taken 1128 | . 470 364 294 Core 269 | . 85 70 114 Absorbed by Shields . | . . . . Core Remaining (%) 100 | 100 . . . Volleys Fired 99 | 8 61 15 15 Largest 2 | 2 2 2 2 Hottest 60 | 40 40 60 60 Shots Fired 196 | 16 122 30 28 Gun 170 | 16 122 24 8 Cannon . | . . . . Launcher 26 | . . 6 20 Special . | . . . . Kinetic 170 | 16 122 24 8 Thermal . | . . . . Explosive 26 | . . 6 20 Electromagnetic . | . . . . Robot Hit Streak 17 | 4 9 17 7 Robot Miss Streak 3 | 2 3 2 1 Penetration Max . | . . . . Secondary Targets 4 | . 3 1 . Max Gunslinging Chain 1 | . 1 1 . Shots Hit Robots 117 | 10 73 19 15 Core Hits 71 | 4 35 18 14 Critical Kills 2 | 1 1 . . Critical Parts Destroyed . | . . . . Critical Strikes 2 | 1 1 . . Destroy 2 | 1 1 . . Melee Attacks . | . . . . Impact . | . . . . Slashing . | . . . . Piercing . | . . . . Sneak Attacks . | . . . . Combat Hostiles . | . . . . Follow-up Attacks . | . . . . Damage Inflicted 2400 | 113 1182 448 657 Guns 1084 | 113 754 160 57 Cannons . | . . . . Explosions 1311 | . 423 288 600 Melee . | . . . . Ramming 5 | . 5 . . Kinetic 1084 | 113 754 160 57 Thermal 423 | . 423 . . Explosive 888 | . . 288 600 Electromagnetic . | . . . . Impact . | . . . . Slashing . | . . . . Piercing . | . . . . Highest Corruption . | . . . . Average Corruption . | . . . . Corruption Purged . | . . . . Corruption Blocked . | . . . . Overload Shots . | . . . . Overflow Damage 108 | . 108 . . Projectiles . | . . . . Explosions 108 | . 108 . . Melee . | . . . . Knockbacks . | . . . . Impact . | . . . . Kinetic . | . . . . Secondary . | . . . . Self-Inflicted Damage 64 | . . 39 25 Shots 3 | . . 1 2 Rammed 2 | . 2 . . Targets Rammed 2 | . 2 . . Kicked . | . . . . Crushed . | . . . . Highest Temperature 98 | . 26 98 7 Average Temperature 30 | . 10 50 7 Received Heat Transfer 369 | . 183 132 54 Siege Activations . | . . . . Martial Activations . | . . . . Shielding Activations . | . . . . Robots Disrupted . | . . . . Combat Hostiles . | . . . . Robots Corrupted . | . . . . Combat Hostiles . | . . . . Parts Fried . | . . . . Impact Corruptions . | . . . . Robots Melted . | . . . . Combat Hostiles . | . . . . Parts Melted . | . . . . Heat Transferred 300 | . 300 . . Parts Sabotaged . | . . . . Parts Stolen . | . . . . Parts Stripped . | . . . . Power Chain Reactions . | . . . . Alert | -11 -10 -10 -10 ------- Run | Yrd Mat Min Sub Maximum Alert Level 1 | . 1 . . Low Security (%) 97 | 100 93 100 . Level 1 2 | . 6 . . Level 2 . | . . . . Level 3 . | . . . . Level 4 . | . . . . Level 5 . | . . . . High Security . | . . . . Max Security . | . . . . Peak Influence 222 | 5 222 102 . Initial . | . . . . Average 46 | . 78 20 . Influence Increases 831 | 15 458 288 70 Destroy 0b10 Robot/C 500 | . 280 160 60 Destroy 0b10 Robot/NC 70 | 15 40 15 . Destroy Leader 108 | . 68 30 10 Successful Hack 38 | . 38 . . Disable Machine 30 | . 15 15 . Destroy Structure 40 | . 2 38 . Lose Combat Pursuer 45 | . 15 30 . Influence Decreases 831 | 15 458 281 77 Entered New Map 4 | . . . 4 Time Decay 827 | 15 458 281 73 Squads Dispatched 3 | . 3 . . Investigation . | . . . . Extermination . | . . . . Reinforcement 3 | . 3 . . Assault . | . . . . Garrison . | . . . . Intercept . | . . . . Searches Triggered . | . . . . Construction Impeded . | . . . . Haulers Reinforced . | . . . . Active Scanning Responses . | . . . . Cargo Convoy Interrupts . | . . . . Stealth | -11 -10 -10 -10 --------- Run | Yrd Mat Min Sub Distress Signals 1 | . 1 . . Communications Jammed . | . . . . Distress Signals . | . . . . Times Spotted 41 | . 25 10 6 Peak Tracking Total 6 | . 6 3 2 Tactical Retreats 2 | . 1 1 . Traps | -11 -10 -10 -10 ------- Run | Yrd Mat Min Sub Traps Triggered . | . . . . Indirectly . | . . . . Trap Hack Attempts . | . . . . Triggered . | . . . . Disarmed . | . . . . Reprogrammed . | . . . . Reused . | . . . . Traps Extracted . | . . . . Installed . | . . . . Triggered . | . . . . Machines | -11 -10 -10 -10 ---------- Run | Yrd Mat Min Sub Machines Disabled 2 | . 1 1 . Max in Single Turn 1 | . 1 1 . Machines Repaired . | . . . . Machines Dismantled . | . . . . Machines Sabotaged . | . . . . Overloaded Fab Kills . | . . . . Hacking | -11 -10 -10 -10 --------- Run | Yrd Mat Min Sub Machines Accessed 4 | . 4 . . Terminals 4 | . 4 . . Fabricators . | . . . . Repair Stations . | . . . . Recycling Units . | . . . . Scanalyzers . | . . . . Garrison Access . | . . . . Total Hacks 21 | . 21 . . Successful 12 | . 12 . . Failed 9 | . 9 . . Catastrophic 2 | . 2 . . Database Lockouts . | . . . . Manual 21 | . 21 . . Terminals 21 | . 21 . . Fabricators . | . . . . Repair Stations . | . . . . Recycling Units . | . . . . Scanalyzers . | . . . . Garrison Access . | . . . . Terminal Hacks 6 | . 6 . . Robot Analysis 2 | . 2 . . Prototype ID Bank 1 | . 1 . . Branch Access Points 1 | . 1 . . Emergency Access Points 1 | . 1 . . Terminal Index 1 | . 1 . . Fabricator Hacks . | . . . . Repair Station Hacks . | . . . . Recycling Unit Hacks . | . . . . Scanalyzer . | . . . . Garrison Access Hacks . | . . . . Unauthorized Hacks 6 | . 6 . . Terminals 6 | . 6 . . Botnet 3 | . 3 . . Skim 3 | . 3 . . Fabricators . | . . . . Repair Stations . | . . . . Recycling Units . | . . . . Scanalyzers . | . . . . Garrison Access . | . . . . Data Cores Recovered . | . . . . Used . | . . . . Hacking Detections 4 | . 4 . . Full Trace Events . | . . . . Feedback Events . | . . . . Feedback Blocked . | . . . . Robot Schematics Acquired . | . . . . Robots Built . | . . . . Authchips . | . . . . Time . | . . . . Total Robot Build Rating . | . . . . Part Schematics Acquired . | . . . . Parts Built . | . . . . Authchips . | . . . . Time . | . . . . Total Part Build Rating . | . . . . Part Studies Acquired . | . . . . Parts Repaired . | . . . . Time . | . . . . Parts Recycled . | . . . . Recycled Matter . | . . . . Retrieved Matter . | . . . . Retrieved Components . | . . . . Parts Scanalyzed . | . . . . Part Schematics Acquired . | . . . . Parts Damaged . | . . . . Bothacking | -11 -10 -10 -10 ------------ Run | Yrd Mat Min Sub Used RIF Installer . | . . . . Robots Hacked . | . . . . Non-combat . | . . . . Combat . | . . . . Robot Hacks Applied . | . . . . Relay Couplers Released . | . . . . Fabnet Peak Effective % . | . . . . Robots Rewired . | . . . . Allies Hacked . | . . . . Hacks Repelled . | . . . . Allies | -11 -10 -10 -10 -------- Run | Yrd Mat Min Sub Total Allies . | . . . . Largest Group . | . . . . Highest-Rated Group . | . . . . Highest-Rated Ally . | . . . . Total Orders . | . . . . Ally Attacks . | . . . . Total Damage . | . . . . Kills . | . . . . Allies Corrupted . | . . . . Allies Melted . | . . . . Intel | -11 -10 -10 -10 ------- Run | Yrd Mat Min Sub Active Infowar (turns) 3162 | 34 1409 1271 448 Terrain 165 | . . 165 . Seismic 2997 | 34 1409 1106 448 Robot Analysis Total 2 | . 2 . . Derelict Logs Recovered 4 | . . 2 2 Drone Launches . | . . . . Drone Recoveries . | . . . . Exploration | -11 -10 -10 -10 ------------- Run | Yrd Mat Min Sub Turns Passed 4925 | 118 1430 1603 1774 Spaces Moved 1862 | 46 544 589 683 Core 1 | 1 . . . Treads 1861 | 45 544 589 683 Legs . | . . . . Wheels . | . . . . Hover . | . . . . Flight . | . . . . Fastest Speed 50 | 50 160 240 240 Average Speed 220 | 157 180 240 240 Slowest Speed 240 | 160 240 240 240 Overloaded Moves . | . . . . Propulsion Burnouts . | . . . . Robots Hopped . | . . . . Potential Cave-ins . | . . . . Cave-ins Triggered . | . . . . Exploration Rate (%) 52 | 5 74 98 33 Regions Visited 3 Branch Regions 2 Pre-discovered Areas 2 | . . 2 . Known Exits Taken 1 | . 1 . . Unknown Exits Taken 2 | 1 . 1 . Scrap Searched 5 | . . 3 2 Spaces Dug . | . . . . Terrain Destroyed 144 | . 2 42 100 Melee . | . . . . Projectile . | . . . . AOE 144 | . 2 42 100 Terrain Rammed . | . . . . Walls Destroyed . | . . . . Machines Disabled . | . . . . Actions | -11 -10 -10 -10 --------- Run | Yrd Mat Min Sub Total 2493 | 74 879 752 788 Wait 459 | 8 240 134 77 Move 1859 | 45 543 588 683 Hop . | . . . . Pick Up 22 | 6 9 3 4 Fast Attach 7 | 7 . . . Attach 2 | . . 2 . Detach 1 | . . 1 . Swap 29 | . 14 7 8 Drop 13 | . 10 2 1 Fire 99 | 8 61 15 15 Melee . | . . . . Ram . | . . . . Kick . | . . . . Crush 2 | . 2 . . Escape Stasis . | . . . . Rewire . | . . . . Trap . | . . . . Miscellaneous . | . . . . Route ------- -11/Scrapyard -10/Materials (discovered 2 exits: [*Mat] / *Min) -10/Mines (discovered 3 exits: [*Mat x2] / [*Sub]) -10/Subcaves History --------- Turn | Location | Event 10 | -11/Scrapyard | Discovered new exit (range 15) 119 | -11/Scrapyard | Entered Materials 241 | -10/Materials | Destroyed 8 combat bots 382 | -10/Materials | Discovered new exit (range 11) 551 | -10/Materials | Identified exit to Mines 812 | -10/Materials | Build established: Mutant 866 | -10/Materials | Discovered new exit (range 14) 1549 | -10/Materials | Entered Mines 1754 | -10/Mines | Core integrity fell below 50% 1775 | -10/Mines | Learned location of Zion (-6) 1997 | -10/Mines | Learned Materials terminal intel 2154 | -10/Mines | Discovered new exit (range 7) 2194 | -10/Mines | Discovered new exit (range 16) 2261 | -10/Mines | Learned location of Storage (-8) 2352 | -10/Mines | Build established: Scavenger-Mutant 2991 | -10/Mines | Found a hidden stash of uninstalled traps 3118 | -10/Mines | Discovered new exit (range 13) 3152 | -10/Mines | Entered Subcaves 3200 | -10/Subcaves | Learned Materials interactive machine intel 3274 | -10/Subcaves | Learned 2 Materials zone layouts 3400 | -10/Subcaves | A swath of the cavern ceiling suddenly collapsed 3581 | -10/Subcaves | Core integrity fell below 20% 3889 | -10/Subcaves | Build established: Mutant 4926 | -10/Subcaves | Destroyed by PM-89W(R) with Subdweller Machine Gun Last Messages --------------- 04702_ Found Sub. Machine Gun. 04702_ Found Flamer. 04702_ Found 35 Matter. 04703_ Acquired 35 matter. 04705_ Subatomizers dissect the Sub. Laser. 04707_ Acquired Sub. Machine Gun. 04710_ Acquired Sub. Laser. 04795_ XX-46B(u) deconstructs Twisted Machinery. 04854_ Lgt. Armor Plating destroyed. 04870_ KC-QUE(R) destroyed. 04880_ Subatomizers dissect the Sub. Monowheel. 04880_ Acquired 1 matter. 04892_ Subatomizers dissect the Sub. Monowheel. 04910_ XX-46B(u) deconstructs Twisted Machinery. 04914_ Dropped Com. Wheel. 04914_ Acquired Sub. Monowheel. 04916_ XX-46B(u) deconstructs Twisted Machinery. Map ----- +----------------------------------------------------+ | ?????????????????????????????????????????????????? | | ?????????????????????????????????????????????????? | | ?????????????????????????????????????????????????? | | ?????????????????????????????????????????????????? | | ?????????????????????????????????????????????????? | | ?????????????????????????????????????????????????? | | ?????????????????????????????????????????????????? | | ????????????????????????????###??????????????????? | | ???????????????????????????? #?????????????????? | | ???????????????????????????? ??????????????? | | ???????????????????????????? #????????????? | | ???????????????????????????? ?????????????? | | ???????????????????????????? ?????????????? | | ???????????????????????????? ?????????????? | | ???????????????????????????#R ??????????????? | | ??????????????????????????## ???????????????? | | ????????????????#####??#### ???????????????? | | ????????????????# "#### "???????????????? | | ????????????????## " ## "???????????????? | | ????????????????## #???????????????? | | ????????????????# #???????????????????? | | ????????????????## ####????????????????? | | ?????????????????# ## ##"""#???????????? | | ?????????????????# ### #???????????? | | ????????????????## #??????????? | | ????????????????# @ ### "" #?????????? | | #???????????????## =& #??# #????????? | | #????????????????## u #??""""""##????????? | | #????????????????## "#???###""??????????? | | #????????????????# " ##??????????????????? | | #?????####???????# #???????????????????? | | #???### #######?# ##???????????????????? | | ##??# # ## #?# ## # #???????????????????? | | #??# #?### #### #??????????????????? | | ##?# # ##??# #?# ?????????????????? | | # ### ## ##### #?# ????????????????? | | # #### ## ##?# ???????????????? | | ## ### ### ??????????????? | | ##### ??????????????? | | ## ##???## ## ### ???????????????? | | # ####?????## ### # # # ##???????????????????? | | ## #?????????###?#######?##????????????????????? | | ?#####???????????????????????????????????????????? | | ?????????????????????????????????????????????????? | | ?????????????????????????????????????????????????? | | ?????????????????????????????????????????????????? | | ?????????????????????????????????????????????????? | | ?????????????????????????????????????????????????? | | ?????????????????????????????????????????????????? | | ?????????????????????????????????????????????????? | +----------------------------------------------------+ Best States ------------- Heat Dissipation 25 Energy Generation 10 Energy Capacity 250 Matter Stores 300 Matter Capacity 300 Sight Range 16 Terrain Scan Range 16 Terrain Scan Density 10 Armor Coverage 150 Evasion (%) 40 Recoil Reduction 2 Item Schematics ----------------- None Robot Schematics ------------------ None Fabricated ------------ Nothing Repaired ---------- Nothing Studied --------- None Alien Tech Used ----------------- None Achievements -------------- None Challenges ------------ None Game ------ Seed SpacefoldInertialKit Manual? 0 Play Time 00:41:37 Cumulative 25.9 hours Start 2026.08.11 @ 18:50:10 End 2026.08.11 @ 20:24:40 Sessions 1 Manual Loads 0 Difficulty Rogue Special Mode None Game No. 15 Rogue 15 Adventurer 0 Explorer 0 Win Type - Total 0 Types 0/0/0/0/0/0/0/0/0/0 Lore% 22 Gallery% 19 Achievement% 23 Wizard Run 0 Options --------- Layout 1 ASCII 0 Keyboard 0 Movement Mouse Keybinds 0 Fullscreen 1 Font 24/Smallcaps Map View 50x35 Zoom Use 0% Tactical HUD 1 Map Filters NONE Filters NONE Steam 1 RUN: 2be73a92-6c83-4c8e-871c-362cf0d66e0e